 Dungeon Crawl Stone Soup version 0.30-a0-1116-gebefce21f7 (webtiles) character file.

Game seed: 1097640359159549593

542 kae the Chiller (level 7, -5/46 HPs)
             Began as a Merfolk Ice Elementalist on Apr 21, 2023.
             Slain by Duvessa
             ... wielding a +0 short sword of speed
              (11 damage)
             ... on level 5 of the Dungeon.
             The game lasted 00:04:42 (4380 turns).

kae the Chiller (Merfolk Ice Elementalist)          Turns: 4380, Time: 00:04:43

Health: -5/46      AC:  2    Str:  9    XL:     7   Next: 27%
Magic:  7/13       EV: 12    Int: 22    God:
Gold:   235        SH:  0    Dex: 14    Spells: 3/14 levels left

rFire   . . .      SeeInvis .    A - +2 whip (freeze)
rCold   . . .      Faith    .    (no shield)
rNeg    . . .      Spirit   .    a - +0 robe
rPois   .          Reflect  .    (no helmet)
rElec   .          Rampage  .    (no cloak)
rCorr   .                        (no gloves)
Will    .....                    (no boots)
Stlth   ++                       (no amulet)
HPRegen 0.27/turn                I - +6 ring of intelligence
MPRegen 0.13/turn                (no ring)

@: lethally poisoned (-5 -> -11), freezing walls
A: (nimble swimmer 2), mertail
a: no special abilities


You were on level 5 of the Dungeon.
You visited 1 branch of the dungeon, and saw 5 of its levels.

You collected 235 gold pieces.


Innate Abilities, Weirdness & Mutations

((You are very nimble when in or above water. (Stealth+, EV+, Speed+++)))
Your lower body shifts to a powerful aquatic tail in water.


   Skills:
 - Level 2.6 Dodging
 - Level 2.1 Stealth
 + Level 4.1 Spellcasting
 + Level 2.0 Summonings
 * Level 7.8 Ice Magic


You had 3 spell levels left.
You knew the following spells:

 Your Spells              Type           Power      Damage    Failure   Level
a - Freeze                Ice            100%       1d10      1%          1
b - Frozen Ramparts       Ice            76%        1d12      1%          3
c - Ozocubu's Armour      Ice            38%        N/A       1%          3
d - Summon Ice Beast      Ice/Summ       26%        N/A       14%         4

Your spell library contained the following spells:

 Spells                   Type           Power      Damage    Failure   Level
 Blink                    Tloc           8%         N/A       17%         2
 Cigotuvi's Dreadful Rot  Necr/Pois/Air  8%         N/A       17%         2
 Lesser Beckoning         Tloc           8%         N/A       17%         2
 Momentum Strike          Conj/Tloc      8%         3d8       17%         2
 Dazzling Flash           Conj/Hex       8%         N/A       32%         3
 Dispel Undead            Necr           4%         3d7       73%         4
 Passage of Golubria      Tloc           4%         N/A       73%         4
 Agony                    Necr           4%         N/A       97%         5
 Silence                  Hex/Air        2%         N/A       97%         5
 Death Channel            Necr           2%         N/A       100%        6
 Lehudib's Crystal Spear  Conj/Erth      2%         10d2      100%        8

Inventory:

Hand Weapons
 d - a +0 dagger
   (You took it off a goblin on level 1 of the Dungeon)
 A - a +2 whip of freezing (weapon)
   (You found it on level 4 of the Dungeon)
Missiles
 h - 7 boomerangs
 n - 23 stones
Armour
 a - a +0 robe (worn)
Jewellery
 I - a +6 ring of intelligence (left hand)
   (You took it off a goblin on level 3 of the Dungeon)
 T - an amulet of faith {!P}
   (You found it on level 3 of the Dungeon)
Wands
 C - a wand of polymorph (11)
   (You found it on level 4 of the Dungeon)
Scrolls
 e - a scroll of vulnerability {unknown}
 f - a scroll of identify {@r1}
 g - a scroll of teleportation {@r4}
 i - a scroll of enchant weapon {unknown}
 j - a scroll of fear
 l - a scroll of immolation {!r!r}
 m - a scroll of magic mapping {!r}
 t - a scroll of fog {unknown}
 u - a scroll of noise {unknown}
 v - a scroll of torment {unknown}
 w - a scroll of silence {unknown}
 y - a scroll of enchant armour {unknown}
Potions
 b - a potion of magic
 c - 2 potions of heal wounds {unknown}
 k - 2 potions of curing {@q1}
 o - a potion of mutation {unknown}
 p - a potion of might
 q - 2 potions of brilliance
 r - a potion of attraction {!q}
 s - a potion of berserk rage {!q}
 x - a potion of degeneration {!q}
 z - a potion of flight {unknown}
 B - a potion of lignification {!q}

Dungeon Overview and Level Annotations

Branches:
Dungeon (5/15) Zot: 25619
 Temple: D:4-7

Altars:
The Shining One

Annotations:
D:5 Duvessa

## ..
###########
#.####.........#
#....#.........#
####...........#
####..........#
#........)@...##
#.#)...##e.....#
#.
#.#.###......#
..
#..#..........#
##
#..#####...#####
#... ...#.#
..... ...##...#
.......... .#.#
......... .#.#


You could see Duvessa (berserk).


Message History

😕 HP[+1] MP[-3]
You lost 3 mp, and now have 3/13 mp.
The wall freezes the ogre!
Dowan shouts!
You hit the ogre. You freeze the ogre.
You hear a shout! x2
The wall freezes the ogre!
You kill the ogre!
Your Summonings skill increases to level 2!
Unknown command.
Your icy armour and frozen ramparts will break if you move.
Continue? [Y]es or [N]o only, please.
Your icy armour and frozen ramparts will break if you move.
Continue?
Your icy armour cracks and falls away as you move.
The frozen ramparts melt away as you move. 😕 HP[+1] 😕 MP[+1] 😕 HP[+1]
There is a stone staircase leading up here.
You climb upwards.
Your magical contamination has completely faded away.
There is a stone staircase leading down here. 😕 HP[+1] MP[+1]
You start resting. 😎 HP[+4] MP[+1]
Your hp is fully restored (46).
You start resting. 😎 MP[+5]
You regained 5 mp, and now have 11/13 mp.
You start resting. 😎 MP[+2]
Your mp is fully restored (13).
You climb downwards.
Level annotation: Dowan, Duvessa Duvessa hits you with a +0 short sword of speed.
Duvessa barely misses you. Dowan gestures at you while chanting.
You resist with some effort.
There is a stone staircase leading up here. 😕 HP[-6]
You take 6 damage, and now have 40/46 hp.
Casting: Frozen Ramparts (safe; 1% risk of failure)
Confirm with . or Enter, or press ? or * to list all spells.
Casting: Frozen Ramparts (safe; 1% risk of failure)
Press: ? - help, Dir - look around, f - activate A stone staircase leading up.
The walls around you are covered in ice.
The wall freezes Duvessa!
Duvessa closely misses you.
The wall freezes Dowan. 😕 HP[+1] MP[-3]
You lost 3 mp, and now have 10/13 mp.
You closely miss Duvessa.
The wall freezes Duvessa.
Duvessa completely misses you.
The wall freezes Duvessa.
Duvessa hits you with a +0 short sword of speed!
The wall freezes Dowan. 😮 HP[-7]
You take 7 damage, and now have 34/46 hp.
Casting: Frozen Ramparts (safe; 1% risk of failure)
Confirm with . or Enter, or press ? or * to list all spells.
Aiming: Freeze (safe; 1% risk of failure)
Press: ? - help, Shift-Dir - straight line, f - Dowan
Aim: Dowan, wielding a +1 dagger of venom and wearing a +2 robe of fire resistance (heavily wounded)
You freeze Dowan.
The wall freezes Duvessa!
Duvessa barely misses you.
The wall freezes Dowan but does no damage.
Dowan barely misses you. 😮 MP[-1]
You lost 1 mp, and now have 9/13 mp.
Casting: Freeze (safe; 1% risk of failure)
Confirm with . or Enter, or press ? or * to list all spells.
Aiming: Freeze (safe; 1% risk of failure)
Press: ? - help, Shift-Dir - straight line, f/p - Dowan
Aim: Dowan, wielding a +1 dagger of venom and wearing a +2 robe of fire resistance (severely wounded)
You freeze Dowan.
The wall freezes Duvessa.
Duvessa hits you with a +0 short sword of speed.
The wall freezes Duvessa.
Duvessa hits you with a +0 short sword of speed!
* * * LOW HITPOINT WARNING * * *
The wall freezes Dowan but does no damage.
Dowan hits you with a +1 dagger of venom.
* * * LOW HITPOINT WARNING * * *
You are poisoned. 😨 HP[-21] MP[-1]
You take 21 damage, and now have 13/46 hp.
MASSIVE DAMAGE!! (PAUSE)
You lost 1 mp, and now have 8/13 mp.
Casting: Freeze (safe; 1% risk of failure)
Confirm with . or Enter, or press ? or * to list all spells.
Aiming: Freeze (safe; 1% risk of failure)
Press: ? - help, Shift-Dir - straight line, f/p - Dowan
Aim: Dowan, wielding a +1 dagger of venom and wearing a +2 robe of fire resistance (almost dead)
You freeze Dowan.
You kill Dowan!
Duvessa screams, "No!
How DARE you!"
Duvessa goes berserk!
You feel sick.
The wall freezes Duvessa but does no damage.
Duvessa hits you with a +0 short sword of speed.
* * * LOW HITPOINT WARNING * * *
The wall freezes Duvessa but does no damage.
Duvessa hits you with a +0 short sword of speed!
You die...

Skill      XL: |  1  2  3  4  5  6  7 |
---------------+----------------------+-----
Ice Magic      | 5 6 7 |  7.8
Spellcasting   | 3 4 |  4.1
Summonings     | 1 2 |  2.0
Dodging        | |  2.6
Stealth        | |  2.1

Action                     |  1- 3 |  4- 6 |  7- 9 || total
---------------------------+-------+-------+-------++-------
  Melee: Unarmed           |     3 |       |       ||     3
         Dagger            |     9 |    69 |       ||    78
         Punch             |     1 |     1 |       ||     2
         Whip              |       |     6 |     2 ||     8
   Cast: Freeze            |    42 |   107 |     3 ||   152
         Frozen Ramparts   |       |     5 |     2 ||     7
         Ozocubu's Armour  |       |     2 |     1 ||     3
         Summon Ice Beast  |       |     1 |       ||     1
    Use: Scroll            |       |    10 |       ||    10
   Stab: Sleeping          |     2 |     4 |       ||     6
 Armour: Robe              |     2 |    24 |       ||    26
  Dodge: Dodged            |    29 |    92 |     5 ||   126

Levels and vault maps discovered:
D:1:      arrival_aquarium_b, layout_loops_corners,
          hellmonk_ecumenical_altar_lost_god
D:2:      minmay_razor_zed, layout_rooms
D:3:      layout_basic, mainiacjoe_overflow_six_doors_small, uniq_jessica,
          uniq_terence, uniq_robin
D:4:      layout_basic, uniq_crazy_yiuf_cottage
D:5:      layout_rooms, minmay_misc_feat_encased, uniq_menkaure, uniq_duvessa

Notes
Turn   | Place    | Note
-------+----------+-------------------------------------------
     0 | D:1      | kae the Merfolk Ice Elementalist began the quest for the
                  | Orb.
     0 | D:1      | Reached XP level 1. HP: 13/13 MP: 3/3
     0 | D:1      | magus.rc [v1.11.3]
     3 | D:1      | Noticed an electric eel
     4 | D:1      | Noticed an electric eel
    98 | D:1      | Reached XP level 2. HP: 13/19 MP: 0/5
   349 | D:1      | Reached skill level 5 in Ice Magic
   511 | D:1      | Reached XP level 3. HP: 24/24 MP: 6/6
   645 | D:1      | Learned a level 3 spell: Frozen Ramparts
   747 | D:1      | Found a faded altar of an unknown god.
  1041 | D:1      | You pick up a book of the Moon and begin reading...
  1041 | D:1      | You add the spells Passage of Golubria, Silence and
                  | Lehudib's Crystal Spear to your library.
  1114 | D:1      | Learned a level 3 spell: Ozocubu's Armour
  1206 | D:2      | Reached XP level 4. HP: 29/30 MP: 4/8
  1723 | D:2      | Reached skill level 3 in Spellcasting
  1833 | D:2      | Reached skill level 6 in Ice Magic
  1917 | D:2      | Reached XP level 5. HP: 34/35 MP: 6/9
  2419 | D:3      | You pick up a book of Decay and begin reading...
  2419 | D:3      | You add the spells Cigotuvi's Dreadful Rot, Dispel Undead
                  | and Death Channel to your library.
  2574 | D:3      | Noticed Robin
  2605 | D:3      | Killed Robin
  2722 | D:3      | Noticed Terence
  2750 | D:3      | Killed Terence
  3131 | D:3      | Noticed Jessica
  3139 | D:3      | Killed Jessica
  3260 | D:3      | Reached XP level 6. HP: 41/41 MP: 9/11
  3265 | D:3      | Learned a level 4 spell: Summon Ice Beast
  3334 | D:3      | Found a glowing golden altar of the Shining One.
  3474 | D:4      | Reached skill level 7 in Ice Magic
  3807 | D:4      | Reached skill level 1 in Summonings
  3940 | D:4      | You pick up a book of Spatial Translocations and begin
                  | reading...
  3940 | D:4      | You add the spells Blink, Momentum Strike and Lesser
                  | Beckoning to your library.
  4149 | D:4      | You pick up a book of the Senses and begin reading...
  4149 | D:4      | You add the spells Dazzling Flash and Agony to your
                  | library.
  4190 | D:5      | Entered Level 5 of the Dungeon
  4190 | D:5      | Noticed Menkaure
  4197 | D:5      | Killed Menkaure
  4198 | D:5      | Reached skill level 4 in Spellcasting
  4198 | D:5      | Reached XP level 7. HP: 24/46 MP: 7/13
  4299 | D:5      | Noticed Duvessa
  4300 | D:5      | Noticed Dowan
  4303 | D:5      | Reached skill level 2 in Summonings
  4380 | D:5      | Killed Dowan
  4380 | D:5      | HP: 6/46 [Duvessa/+0 short sword of speed (6)]
  4380 | D:5      | Slain by Duvessa

Vanquished Creatures
  An ogre (D:5)
  A scorpion (D:4)
  Dowan (D:5)
  A hound (D:4)
  Jessica (D:3)
  Terence (D:3)
  Robin (D:3)
  2 gnolls (D:1)
  3 adders (D:2)
  A worm (D:2)
  4 dart slugs
  5 orcs (D:4)
  8 ball pythons
  5 bats
  10 endoplasms
  6 giant cockroaches
  20 goblins
  9 hobgoblins
  10 jackals
  6 quokkas
  5 frilled lizards
  7 kobolds
  8 rats
116 creatures vanquished.

Vanquished Creatures (collateral kills)
  Menkaure (D:5)
1 creature vanquished.

Grand Total: 117 creatures vanquished

Table legend:
 A = Non-vault XP
 B = Vault XP
 C = Vault XP percentage of total XP
 D = Non-vault monster count
 E = Vault monster count
 F = Vault count percentage of total count
                 A         B        C        D         E       F
            +---------+---------+-------+---------+---------+-------
      Total |     443 |     401 |  47.5 |      86 |      31 |  26.5
            +---------+---------+-------+---------+---------+-------
        D:1 |      66 |       0 |   0.0 |      21 |       0 |   0.0
        D:2 |      68 |      51 |  42.9 |      31 |      16 |  34.0
        D:3 |      31 |     106 |  77.4 |      17 |      13 |  43.3
        D:4 |     160 |       0 |   0.0 |      16 |       0 |   0.0
        D:5 |     118 |     244 |  67.4 |       1 |       2 |  66.7
            +---------+---------+-------+---------+---------+-------

Illustrated notes

Table legend:
 A = Kills in this place as a percentage of kills in the entire game.
 B = Kills by you in this place as a percentage of kills by you in the entire game.
 C = Kills by friends in this place as a percentage of kills by friends in the entire game.
 D = Other kills in this place as a percentage of other kills in the entire game.
 E = Experience gained in this place as a percentage of experience gained in the entire game.
 F = Experience gained in this place divided by the number of levels of this place that you have seen.
                   A       B       C       D       E      F
               +-------+-------+-------+-------+-------+----------------------
         Total | 100.0 | 100.0 | 100.0 |   N/A | 100.0 | 168.8
       Dungeon | 100.0 | 100.0 | 100.0 |   N/A | 100.0 | 168.8
               +-------+-------+-------+-------+-------+----------------------

Table legend: (Time is in decaauts)
 A = Elapsed time spent in this place.
 B = Non-inter-level travel time spent in this place.
 C = Inter-level travel time spent in this place.
 D = Time resting spent in this place.
 E = Time spent auto-exploring this place.
 F = Levels seen in this place.
 G = Mean time per level.
                   A        B        C        D        E       F      G
               +--------+--------+--------+--------+--------+-----+--------+
         Total |   4379 |   4268 |    111 |    127 |   3412 |   5 |  875.8 |
       Dungeon |   4379 |   4268 |    111 |    127 |   3412 |   5 |  875.8 |
               +--------+--------+--------+--------+--------+-----+--------+

Top non-repeatable levels by time:
     D:1: 1137 daAuts
     D:2: 1132 daAuts
     D:3: 1124 daAuts
     D:4: 857 daAuts
     D:5: 126 daAuts
